 Dungeon Crawl Stone Soup version 0.22.0 (webtiles) character file.

629 Blackhawk the Shield-Bearer (level 7, -5/60 HPs)
             Began as a Gnoll Fighter on Oct 21, 2018.
             Was an Initiate of Trog.
             Slain by Prince Ribbit (14 damage)
             ... on level 6 of the Dungeon.
             The game lasted 00:05:56 (3598 turns).

Blackhawk the Shield-Bearer (Gnoll Fighter)         Turns: 3598, Time: 00:05:56

Health: -5/60      AC:  7    Str: 20    XL:     7   Next: 48%
Magic:  10/10      EV:  7    Int: 10    God:    Trog [......]
Gold:   200        SH: 16    Dex: 15    Spells: 10/10 levels left

rFire    . . .     SeeInvis .   n - +2 hand axe (chop)
rCold    . . .     Gourm    .   u - +0 large shield
rNeg     . . .     Faith    .   b - +0 scale mail
rPois    .         Spirit   .   (no helmet)
rElec    .         Reflect  .   (no cloak)
rCorr    .         Harm     .   (no gloves)
MR       .....                  (no boots)
Stlth    +.........             (no amulet)
HPRegen  0.20/turn              (no ring)
MPRegen  0.12/turn              (no ring)

@: no status effects
A: distributed training, fangs 1, strong nose
a: Renounce Religion


You were on level 6 of the Dungeon.
You worshipped Trog.
Trog was noncommittal.
You were hungry.

You visited 2 branches of the dungeon, and saw 7 of its levels.

You collected 200 gold pieces.

Inventory:

Hand Weapons
 a - a +0 war axe
 n - a +2 hand axe of chopping (weapon)
Missiles
 h - 82 stones (quivered)
 o - 2 tomahawks
Armour
 b - a +0 scale mail (worn)
 c - a +0 shield
 u - a +0 large shield (worn)
Jewellery
 t - an uncursed ring of stealth {unknown}
 w - the amulet "Teserphe" {+Blink +Rage Str+5, unknown}
   (You found it on level 4 of the Dungeon)

   [amulet of rage]

   It affects your strength (+5).
   It lets you blink.
   It lets you go berserk.
Scrolls
 e - a scroll of teleportation {unknown}
 g - 3 scrolls of noise {unknown}
 l - 5 scrolls of fog {unknown}
 p - a scroll of identify {unknown}
 q - a scroll of enchant weapon {unknown}
 s - a scroll of blinking {unknown}
 v - a scroll of magic mapping {unknown}
Potions
 d - 3 potions of might
 i - 4 potions of curing {unknown}
 j - 4 potions of berserk rage {unknown}
 k - 2 potions of lignification {unknown}
 m - a potion of flight {unknown}
 r - 2 potions of agility {unknown}
 x - 2 potions of heal wounds {unknown}
 z - a potion of cancellation {unknown}
Comestibles
 f - 12 rations


   Skills:
 + Level 7.0 Fighting
 + Level 2.4 Short Blades
 + Level 2.4 Long Blades
 + Level 5.2 Axes
 + Level 2.4 Maces & Flails
 + Level 2.4 Polearms
 + Level 2.4 Staves
 + Level 2.4 Slings
 + Level 2.4 Bows
 + Level 2.4 Crossbows
 + Level 2.4 Throwing
 + Level 7.0 Armour
 + Level 2.4 Dodging
 + Level 2.4 Stealth
 + Level 7.0 Shields
 + Level 2.4 Unarmed Combat
 + Level 2.4 Spellcasting
 + Level 2.0 Conjurations
 + Level 2.0 Hexes
 + Level 2.0 Charms
 + Level 2.0 Summonings
 + Level 2.0 Necromancy
 + Level 2.0 Translocations
 + Level 2.0 Transmutations
 + Level 2.0 Fire Magic
 + Level 2.0 Ice Magic
 + Level 2.0 Air Magic
 + Level 2.0 Earth Magic
 + Level 2.0 Poison Magic
 + Level 2.7 Invocations
 + Level 2.4 Evocations


You had 10 spell levels left.
You didn't know any spells.
Your spell library was empty.

Dungeon Overview and Level Annotations

Branches:
Dungeon (6/15)             Temple (1/1) D:4

Altars:
Dithmenos
Ru
Trog
Vehumet
Xom
Yredelemnul

Annotations:
D:6 Prince Ribbit


Innate Abilities, Weirdness & Mutations

Your experience applies equally to all skills.
You have very sharp teeth.
Your uncanny sense of smell can sniff out nearby items.


Message History

Your shield prevents you from hitting Prince Ribbit.
Prince Ribbit is heavily wounded.
You block Prince Ribbit's attack. Prince Ribbit barely misses you.
You miss Prince Ribbit.
Prince Ribbit is heavily wounded.
You block Prince Ribbit's attack. Prince Ribbit hits you!
You are too injured to fight recklessly!
You are too injured to fight recklessly!
Prince Ribbit barely misses you.
Prince Ribbit hits you but does no damage.
You miss Prince Ribbit. Your bite misses Prince Ribbit.
Prince Ribbit is heavily wounded.
Prince Ribbit hits you!
* * * LOW HITPOINT WARNING * * *
You hit Prince Ribbit. Your bite misses Prince Ribbit.
Prince Ribbit is heavily wounded.
Prince Ribbit hits you.
* * * LOW HITPOINT WARNING * * *
Prince Ribbit hits you!
You die...

..># ....
#..# #..#
#..# #
#†!#
####.##†.#
./.....<.#
.......F@#
####.###.#
#. #.# #∆
#.# #.#
#.# #.#
#.#


You could see Prince Ribbit.

Vanquished Creatures
  A sky beast (D:5)
  2 ogres
  A howler monkey (D:5)
  A crimson imp (D:5)
  A centaur skeleton (D:5)
  2 jellies (D:5)
  2 hounds (D:6)
  A worker ant (D:2)
  A gnoll (D:1)
  3 adders
  An adder skeleton (D:4)
  3 worms
  A dart slug (D:3)
  6 orcs
  5 giant cockroaches
  3 goblins
  11 hobgoblins
  7 jackals
  8 kobolds
  2 quokkas
  4 ball pythons
  7 bats
  7 frilled lizards
  A quokka skeleton (D:5)
  8 rats
89 creatures vanquished.

Vanquished Creatures (others)
  A centaur (D:5)
  An orc wizard (D:5)
  An adder (D:5)
  A ball python (D:5)
  A giant cockroach (D:5)
  A frilled lizard (D:5)
6 creatures vanquished.

Grand Total: 95 creatures vanquished

Notes
Turn   | Place    | Note
-------+----------+-------------------------------------------
     0 | D:1      | Blackhawk the Gnoll Fighter began the quest for the Orb.
     0 | D:1      | Reached XP level 1. HP: 23/23 MP: 1/1
    15 | D:1      | Reached XP level 2. HP: 24/29 MP: 2/2
   433 | D:1      | Reached XP level 3. HP: 32/35 MP: 3/3
   891 | D:2      | Found a radiant altar of Vehumet.
   921 | D:2      | Reached skill level 1 in Invocations
  1121 | D:2      | Found a sacrificial altar of Ru.
  1235 | D:2      | Reached skill level 1 in Short Blades
  1235 | D:2      | Reached skill level 1 in Long Blades
  1235 | D:2      | Reached skill level 1 in Maces & Flails
  1235 | D:2      | Reached skill level 1 in Polearms
  1235 | D:2      | Reached skill level 1 in Staves
  1235 | D:2      | Reached skill level 1 in Slings
  1235 | D:2      | Reached skill level 1 in Bows
  1235 | D:2      | Reached skill level 1 in Crossbows
  1235 | D:2      | Reached skill level 1 in Throwing
  1235 | D:2      | Reached skill level 1 in Dodging
  1235 | D:2      | Reached skill level 1 in Stealth
  1235 | D:2      | Reached skill level 1 in Unarmed Combat
  1235 | D:2      | Reached skill level 1 in Spellcasting
  1235 | D:2      | Reached skill level 1 in Evocations
  1235 | D:2      | Reached XP level 4. HP: 37/41 MP: 5/5
  1477 | D:3      | Reached skill level 1 in Conjurations
  1477 | D:3      | Reached skill level 1 in Hexes
  1477 | D:3      | Reached skill level 1 in Charms
  1477 | D:3      | Reached skill level 1 in Summonings
  1477 | D:3      | Reached skill level 1 in Necromancy
  1477 | D:3      | Reached skill level 1 in Translocations
  1477 | D:3      | Reached skill level 1 in Transmutations
  1477 | D:3      | Reached skill level 1 in Fire Magic
  1477 | D:3      | Reached skill level 1 in Ice Magic
  1477 | D:3      | Reached skill level 1 in Air Magic
  1477 | D:3      | Reached skill level 1 in Earth Magic
  1477 | D:3      | Reached skill level 1 in Poison Magic
  1686 | D:3      | Reached XP level 5. HP: 45/47 MP: 6/6
  1817 | D:3      | Found a basalt altar of Yredelemnul.
  2030 | D:4      | Noticed an ogre
  2039 | D:4      | Killed an ogre
  2046 | D:4      | Got a sparkling silver amulet
  2301 | D:4      | Found a bloodstained altar of Trog.
  2308 | D:4      | Became a worshipper of Trog the Wrathful
  2557 | D:4      | Found a shadowy altar of Dithmenos.
  2759 | D:4      | Found a staircase to the Ecumenical Temple.
  2774 | Temple   | Entered the Ecumenical Temple
  2816 | D:5      | Entered Level 5 of the Dungeon
  2819 | D:5      | Noticed a sky beast
  2828 | D:5      | Killed a centaur
  2844 | D:5      | Killed a sky beast
  2844 | D:5      | Reached XP level 6. HP: 44/53 MP: 8/8
  2882 | D:5      | Reached skill level 5 in Axes
  3047 | D:5      | Found a shimmering altar of Xom.
  3065 | D:5      | Reached XP level 7. HP: 24/59 MP: 10/10
  3369 | D:6      | Noticed Prince Ribbit
  3598 | D:6      | Slain by Prince Ribbit

Skill      XL: |  1  2  3  4  5  6  7 |
---------------+----------------------+-----
Invocations    | 1 2 |  2.7
Short Blades   | 1 2 |  2.4
Long Blades    | 1 2 |  2.4
Maces & Flails | 1 2 |  2.4
Polearms       | 1 2 |  2.4
Staves         | 1 2 |  2.4
Slings         | 1 2 |  2.4
Bows           | 1 2 |  2.4
Crossbows      | 1 2 |  2.4
Throwing       | 1 2 |  2.4
Dodging        | 1 2 |  2.4
Stealth        | 1 2 |  2.4
Unarmed Combat | 1 2 |  2.4
Spellcasting   | 1 2 |  2.4
Evocations     | 1 2 |  2.4
Conjurations   | 1 2 |  2.0
Hexes          | 1 2 |  2.0
Charms         | 1 2 |  2.0
Summonings     | 1 2 |  2.0
Necromancy     | 1 2 |  2.0
Translocations | 1 2 |  2.0
Transmutations | 1 2 |  2.0
Fire Magic     | 1 2 |  2.0
Ice Magic      | 1 2 |  2.0
Air Magic      | 1 2 |  2.0
Earth Magic    | 1 2 |  2.0
Poison Magic   | 1 2 |  2.0
Axes           | 5 |  5.2
Fighting       | 7 |  7.0
Armour         | 7 |  7.0
Shields        | 7 |  7.0

Action                   |  1- 3 |  4- 6 |  7- 9 || total
-------------------------+-------+-------+-------++-------
Melee: War axe           |    62 |       |       ||    62
       Bite              |    11 |    20 |     5 ||    36
       Hand axe          |    28 |   138 |    39 ||   205
  Eat: Chunk             |     1 |     6 |     1 ||     8
Armor: Scale mail        |    30 |    30 |    12 ||    72
Dodge: Dodged            |    17 |    28 |    10 ||    55
Block: Shield            |    44 |    25 |       ||    69
       Large shield      |       |    64 |    31 ||    95
